 Dungeon Crawl Stone Soup version 0.26-a0-651-gb41185065b (webtiles) character file.

Game seed: 18349787238188121940

42948 Flugslaktarn the Cleaver (level 13, -6/128 HPs)
             Began as a Deep Dwarf Fighter on Oct 12, 2020.
             Was a High Priest of Makhleb.
             Killed from afar by a vampire mage (15 damage)
             ... with a bolt of negative energy
             ... on level 14 of the Dungeon.
             The game lasted 00:09:38 (11082 turns).

Flugslaktarn the Cleaver (Deep Dwarf Fighter)      Turns: 11082, Time: 00:09:38

Health: -6/128     AC: 27    Str: 19    XL:     13   Next: 88%
Magic:  4/4        EV:  9    Int: 14    God:    Makhleb [*****.]
Gold:   1637       SH: 12    Dex: 16    Spells: 12/12 levels left

rFire    . . .     SeeInvis .   a - +0 war axe
rCold    . . .     Faith    .   k - +2 kite shield {AC+3}
rNeg     . . .     Spirit   .   I - +1 plate armour
rPois    .         Reflect  .   B - +2 helmet {Int+3}
rElec    .         Harm     .   e - +0 cloak
rCorr    .         Rampage  .   C - +2 pair of gloves
MR       +....                  F - +0 pair of boots
Stlth    ..........             (no amulet)
HPRegen  0.00/turn              j - +4 ring of slaying
MPRegen  0.09/turn              (no ring)

@: non-regenerating, drained
A: damage resistance, heal wounds, talons 1, sense surroundings 2, sturdy frame
1, no regeneration
a: Heal Wounds, Minor Destruction, Lesser Servant of Makhleb, Major Destruction,
Greater Servant of Makhleb, Renounce Religion


You were on level 14 of the Dungeon.
You worshipped Makhleb.
Makhleb was extremely pleased with you.
You visited 2 branches of the dungeon, and saw 16 of its levels.

You collected 1637 gold pieces.

Inventory:

Hand Weapons
 a - a +0 war axe (weapon)
 u - a +2 rapier of distortion
   (You took it off Duvessa on level 7 of the Dungeon)
 y - a +2 vorpal battleaxe
   (You took it off a wight on level 7 of the Dungeon)
Missiles
 G - 4 throwing nets (quivered)
Armour
 e - a +0 cloak (worn)
   (You took it off Maurice on level 13 of the Dungeon)
 k - a +2 kite shield of protection (worn)
   (You took it off a tengu warrior on level 13 of the Dungeon)
 n - a scarf of repulsion
   (You found it on level 14 of the Dungeon)
 B - a +2 helmet of intelligence (worn)
   (You found it on level 10 of the Dungeon)
 C - a +2 pair of gloves (worn)
   (You found it on level 10 of the Dungeon)
 F - a +0 pair of boots (worn)
   (You found it on level 10 of the Dungeon)
 I - a +1 plate armour (worn)
   (You took it off an orc warrior on level 10 of the Dungeon)
Jewellery
 j - a +4 ring of slaying (left hand)
   (You found it on level 9 of the Dungeon)
Wands
 g - a wand of digging (25)
   (You took it off Ijyb on level 5 of the Dungeon)
 v - a wand of enslavement (8)
   (You found it on level 14 of the Dungeon)
 H - a wand of paralysis (6)
   (You found it on level 12 of the Dungeon)
Scrolls
 h - 3 scrolls of immolation
 l - 3 scrolls of magic mapping
 o - a scroll of vulnerability
 r - 5 scrolls of identify
 s - a scroll of enchant weapon
 t - 4 scrolls of teleportation
 x - 4 scrolls of remove curse
 z - 2 scrolls of blinking
 A - 4 scrolls of fear
 E - a scroll of fog
Potions
 b - a potion of berserk rage
 c - a potion of degeneration {unknown}
 d - 2 potions of might
 f - a potion of flight {unknown}
 i - 2 potions of magic
 m - 2 potions of lignification {unknown}
 p - 2 potions of mutation
 q - 6 potions of curing
 w - a potion of heal wounds


   Skills:
 * Level 11.9(10.7) Fighting
 * Level 13.6(12.4) Axes
 + Level 10.3(9.2) Armour
 - Level 8.7(7.6) Dodging
 + Level 5.6(4.6) Shields
 + Level 10.0(8.9) Invocations
 - Level 10.0(8.8) Evocations


You had 12 spell levels left.
You didn't know any spells.
Your spell library was empty.

Dungeon Overview and Level Annotations

Branches:
Dungeon (15/15)            Temple (1/1) D:6            Lair (0/6) D:9
    Orc (0/2) D:10         Vaults (0/5) D:13         Depths (0/5) D:15

Altars:
Ashenzari
Cheibriados
Dithmenos
Elyvilon
Fedhas
Gozag
Hepliaklqana
Kikubaaqudgha
Makhleb
Nemelex Xobeh
Okawaru
Qazlal
Ru
Sif Muna
Trog
Uskayaw
Vehumet
Wu Jian
Xom
Yredelemnul
Zin
The Shining One
Beogh

Shops:
D:6 :   D:7 :   D:8 *   D:10 (

Annotations:
D:5 1 exclusion
D:6 5 runed translucent doors


Innate Abilities, Weirdness & Mutations

You are resistant to damage.
You can heal yourself by infusing magical energy.
You passively map the area around you.
You do not regenerate.
You have sharp toenails.
Your movements are slightly less encumbered by armour. (ER -2)


Message History

You are too injured to fight recklessly!
You slash something! Something hits you but does no damage.
Something bites you.
Something draws strength from your injuries!
You hit something but do no damage. You miss something.
Unholy energy fills the air.
* * * LOW HITPOINT WARNING * * *
You closely miss something.
Unholy energy fills the air.
* * * LOW HITPOINT WARNING * * *
You slash something! Something completely misses you.
Something bites you but does no damage.
You closely miss something.
You hear some strange, mumbled words.
A bolt of negative energy appears from out of thin air!
The bolt of negative energy misses you.
You slash something!
You hear some strange, mumbled words.
A bolt of negative energy appears from out of thin air!
The bolt of negative energy hits you!!
You feel drained.
You die...

.## ..##
#..########
##........##
#.........#
##..######.##
...## #..# ...#
##.## ### ##.#
#..###@# #.#
#..##{## #.##
#....z# #..#
#....## #..#
##....# ##..#
##.....# #...#
###...##.##
#...###...#####.##
#..###...## ##.#


You could see a wight.

Vanquished Creatures
  Nessos (D:13)
  Azrael (D:12)
  An ettin (D:12)
  The ghost of Flugslaktarn the Cleaver, a journeyman DDFi of Makhleb (D:10)
  Harold (D:10)
  Fannar (D:12)
  4 vault guards (D:13)
  A death knight (D:13)
  3 centaur warriors
  5 two-headed ogres
  2 tengu warriors
  A deep troll earth mage (D:12)
  2 unseen horrors
  A flayed ghost (D:12)
  2 phantasmal warriors (D:14)
  An orc knight (D:15)
  3 deep elf magi
  A fire giant zombie (D:15)
  An ugly thing (D:13)
  A wolf spider (D:14)
  2 cyclopes
  2 manticores (D:12)
  An orc sorcerer (D:15)
  Maurice (D:13)
  An elephant (shapeshifter) (D:13)
  2 gargoyles
  4 centaur skeletons
  A kobold demonologist (D:10)
  2 freezing wraiths (D:14)
  An efreet (D:14)
  A spriggan skeleton (D:15)
  2 guardian mummies (D:14)
  5 trolls
  Grinder (D:6)
  A hornet (D:13)
  5 hippogriffs
  6 slime creatures (D:13)
  A meliai zombie (D:13)
  7 yaks
  Eustachio (D:5)
  A shadow (D:14)
  A fire elemental (D:12)
  4 vampire mosquitoes
  5 wraiths
  Menkaure (D:5)
  A warg (D:9)
  Edmund (D:4)
  A soldier ant (shapeshifter) (D:14)
  An acid dragon (D:7)
  Duvessa (D:7)
  7 hell hounds (D:12)
  10 orc warriors
  A meliai simulacrum (D:15)
  2 black bears
  A necrophage (D:13)
  2 eyes of draining
  3 sky beasts
  3 phantoms
  10 ogres
  9 centaurs
  20 big kobolds
  12 bullfrogs
  3 scorpions
  Dowan (D:7)
  15 killer bees
  13 wights
  3 jellies
  A quasit (D:8)
  2 bullfrog zombies
  8 orc priests
  9 hounds
  A bullfrog skeleton (D:5)
  4 iguanas
  Ijyb (D:5)
  4 orc wizards
  12 worker ants
  A killer bee zombie (D:6)
  A hound zombie (D:7)
  A hound skeleton (D:6)
  A howler monkey zombie (D:7)
  A worker ant zombie (D:6)
  3 gnolls (D:6)
  8 adders
  2 howler monkey skeletons
  5 shadow imps
  2 ufetubi
  An ooze (D:2)
  2 adder zombies
  An adder skeleton (D:6)
  2 leopard geckos
  47 orcs
  4 bats
  A giant cockroach (D:3)
  2 goblins (D:1)
  5 hobgoblins
  7 jackals
  16 kobolds
  10 quokkas
  6 frilled lizards
  A leopard gecko skeleton (D:7)
  A leopard gecko zombie (D:6)
  2 quokka skeletons (D:4)
  2 rats
390 creatures vanquished.

Vanquished Creatures (collateral kills)
  A troll (D:12)
  An iguana (D:12)
2 creatures vanquished.

Vanquished Creatures (others)
  An unseen horror (D:12)
  A centaur skeleton (D:12)
  4 withered plants (D:15)
6 creatures vanquished.

Grand Total: 398 creatures vanquished

Notes
Turn   | Place    | Note
-------+----------+-------------------------------------------
     0 | D:1      | Flugslaktarn the Deep Dwarf Fighter began the quest for the
                  | Orb.
     0 | D:1      | Reached XP level 1. HP: 20/20 MP: 1/1
   264 | D:1      | Reached XP level 2. HP: 25/27 MP: 2/2
   576 | D:2      | Reached skill level 1 in Dodging
   576 | D:2      | Reached XP level 3. HP: 23/34 MP: 3/3
   661 | D:3      | Reached skill level 3 in Axes
   669 | D:3      | Reached XP level 4. HP: 16/42 MP: 4/4
   730 | D:4      | HP: 1/42 [poisoned by a scorpion]
   743 | D:4      | Reached XP level 5. HP: 45/50 MP: 4/4
   781 | D:4      | Reached skill level 4 in Axes
   793 | D:4      | Noticed a sky beast
   804 | D:4      | Killed a sky beast
   804 | D:4      | Reached XP level 6. HP: 34/57 MP: 5/5
  1000 | D:4      | Noticed Edmund
  1033 | D:4      | Killed Edmund
  1114 | D:4      | Reached skill level 5 in Axes
  1114 | D:4      | Reached XP level 7. HP: 51/66 MP: 6/6
  1226 | D:4      | Gained mutation: You have sharp toenails. [potion of
                  | mutation]
  1226 | D:4      | Gained mutation: Your movements are slightly less
                  | encumbered by armour. (ER -2) [potion of mutation]
  1238 | D:5      | Entered Level 5 of the Dungeon
  1247 | D:5      | Noticed Eustachio
  1290 | D:5      | Killed Eustachio
  1290 | D:5      | Reached skill level 5 in Fighting
  1338 | D:5      | Reached skill level 5 in Armour
  1428 | D:5      | Reached skill level 6 in Axes
  1445 | D:5      | Reached XP level 8. HP: 49/75 MP: 6/6
  1528 | D:5      | Noticed Ijyb
  1544 | D:5      | Killed Ijyb
  1864 | D:5      | Noticed Menkaure
  1875 | D:5      | Killed Menkaure
  1932 | D:5      | Found a hazy altar of Hepliaklqana.
  1993 | D:6      | Found Orroweru's Book Emporium.
  1999 | D:6      | Reached skill level 7 in Axes
  2107 | D:6      | Reached skill level 1 in Evocations
  2114 | D:6      | Found the +9 staff of Olgreb {rPois∞}
  2186 | D:6      | Found a staircase to the Ecumenical Temple.
  2208 | Temple   | Entered the Ecumenical Temple
  2372 | Temple   | Became a worshipper of Makhleb the Destroyer
  2462 | D:6      | Reached skill level 5 in Dodging
  2462 | D:6      | Gained mutation: You passively map the area around you.
                  | [Deep Dwarf growth]
  2462 | D:6      | Reached XP level 9. HP: 59/85 MP: 7/7
  2465 | D:6      | Found a runed translucent gate.
  2467 | D:6      | Found a runed translucent door.
  2469 | D:6      | Found a runed translucent gate.
  2471 | D:6      | Noticed Grinder
  2476 | D:6      | Paralysed by Grinder for 6 turns
  2489 | D:6      | Killed Grinder
  2489 | D:6      | Reached skill level 1 in Invocations
  2533 | D:6      | Found a runed translucent gate.
  2543 | D:6      | Found a runed translucent door.
  2669 | D:6      | Reached skill level 8 in Axes
  2781 | D:7      | You fall into a shaft and drop 1 floor!
  2828 | D:8      | Noticed a two-headed ogre
  2836 | D:8      | Reached * piety under Makhleb
  2838 | D:8      | Killed a two-headed ogre
  3139 | D:8      | You fall into a shaft and drop 1 floor!
  3216 | D:9      | Noticed a troll
  3235 | D:9      | Killed a troll
  3235 | D:9      | Reached skill level 9 in Axes
  3235 | D:9      | Reached XP level 10. HP: 49/96 MP: 9/9
  3252 | D:8      | Found a broken altar of Ashenzari.
  3252 | D:8      | Found an iron altar of Okawaru.
  3255 | D:8      | Found a hazy altar of Hepliaklqana.
  3477 | D:8      | Found Zin's Purification Station.
  3480 | D:8      | Found a glowing silver altar of Zin.
  3963 | D:7      | Noticed Dowan
  3964 | D:7      | Noticed Duvessa
  3977 | D:7      | Killed Dowan
  3983 | D:7      | Killed Duvessa
  4214 | D:7      | Found Jukeg's Book Shop.
  4285 | D:7      | Reached ** piety under Makhleb
  4902 | D:9      | Found a staircase to the Lair.
  5101 | D:9      | Reached skill level 5 in Evocations
  5268 | D:10     | Entered Level 10 of the Dungeon
  5356 | D:10     | Found a staircase to the Orcish Mines.
  5358 | D:10     | Found Seutouqi's Weapon Shoppe.
  5461 | D:10     | Killed an unseen horror
  5461 | D:10     | Reached skill level 10 in Axes
  5461 | D:10     | Reached skill level 5 in Invocations
  5520 | D:10     | Found a runed translucent gate.
  5520 | D:10     | Identified the +6 trident "Teadekhleg" {chaos, Str+3}
  5751 | D:10     | Found a runed translucent gate.
  5753 | D:10     | Found a runed translucent gate.
  5754 | D:10     | Noticed Flugslaktarn's ghost (journeyman DDFi)
  5836 | D:10     | Noticed a rust devil
  5873 | D:10     | Reached XP level 11. HP: 87/104 MP: 10/10
  5885 | D:10     | Reached *** piety under Makhleb
  6042 | D:10     | Noticed Harold
  6070 | D:10     | Killed Harold
  6238 | D:10     | Found a roughly hewn altar of Beogh.
  6434 | D:11     | You fall into a shaft and drop 1 floor!
  6434 | D:12     | Noticed a deep elf mage
  6441 | D:12     | Killed a deep elf mage
  6448 | D:12     | Noticed a deep troll earth mage
  6449 | D:12     | Noticed a flayed ghost
  6661 | D:11     | Reached **** piety under Makhleb
  7106 | D:10     | Killed Flugslaktarn's ghost
  7106 | D:10     | Reached skill level 11 in Axes
  7326 | D:12     | Noticed an ettin
  7352 | D:12     | Killed an ettin
  7397 | D:12     | Noticed a two-headed ogre
  7398 | D:12     | Noticed Fannar
  7425 | D:12     | Killed a two-headed ogre
  7445 | D:12     | Killed an unseen horror
  7457 | D:12     | Killed Fannar
  7579 | D:12     | Killed a deep troll earth mage
  7579 | D:12     | Reached skill level 10 in Fighting
  7579 | D:12     | Reached XP level 12. HP: 83/116 MP: 5/5
  7607 | D:12     | Noticed a centaur warrior
  7617 | D:12     | Killed a centaur warrior
  7931 | D:12     | Noticed a two-headed ogre
  7936 | D:12     | Noticed Azrael
  7966 | D:12     | Killed a two-headed ogre
  7976 | D:12     | Killed Azrael
  7976 | D:12     | Reached skill level 12 in Axes
  8496 | D:13     | Noticed a two-headed ogre
  8519 | D:13     | Killed a two-headed ogre
  8559 | D:13     | Reached ***** piety under Makhleb
  8576 | D:13     | Identified a scroll of acquirement
  8576 | D:13     | Acquired 525 gold pieces
  8624 | D:13     | Noticed Maurice
  8641 | D:13     | Killed Maurice
  8853 | D:13     | Noticed Nessos
  8906 | D:13     | Killed Nessos
  8906 | D:13     | Reached XP level 13. HP: 56/127 MP: 5/5
  9399 | D:13     | Found a gate to the Vaults.
  9423 | D:13     | Reached skill level 13 in Axes
  9463 | D:13     | Reached skill level 10 in Armour
  9500 | D:13     | Reached skill level 5 in Shields
 10711 | D:15     | Entered Level 15 of the Dungeon
 10870 | D:15     | Reached skill level 10 in Invocations
 10870 | D:15     | Reached skill level 10 in Evocations
 10885 | D:15     | Found a staircase to the Depths.
 11082 | D:14     | Killed from afar by a vampire mage

Illustrated notes

Levels and vault maps discovered:
D:1:      scummos_arrival_simple_crosswalls, layout_rooms, minmay_ruptured
D:2:      layout_rooms
D:3:      layout_basic
D:4:      layout_cave_pools, uniq_edmund
D:5:      layout_gridville, basic_altar, minmay_misc_feat_more_columns, tgw_sif,
          uniq_ijyb, uniq_menkaure, uniq_eustachio
D:6:      layout_gridville, minmay_temple_entry_glassed_door, serial_shops,
          shop, minmay_guarded_unrand_staff_of_olgreb, uniq_grinder
D:7:      layout_basic, serial_shops, nicolae_shop_crystal, uniq_duvessa
D:8:      layout_layer_cave, zin_purify, nicolae_overflow_hidden_temple
D:9:      layout_irregular_city, lair_entry_dummy
D:10:     layout_roguey [special_room_kobold], orc_david_3,
          biasface_ghost_orc_armoury, uniq_harold
D:11:     layout_small_grid
D:12:     minmay_textured_paths, layout_loops_ring, special_room
          [special_room_orc], minmay_misc_feat_doors, hangedman_decor_push,
          minivault_19, uniq_azrael, uniq_fannar
D:13:     layout_roguey, lightli_vaults_fourway_checkpoint, uniq_maurice,
          uniq_nessos
D:14:     layout_layer_cave, roderic_lattice_a
D:15:     gammafunk_depths_entry_grave, layout_basic
Temple:   dpeg_five_rooms_temple

Skill      XL: |  1  2  3  4  5  6  7  8  9 10 11 12 13 |
---------------+----------------------------------------+-----
Fighting       | 3 4 5 6 7 8 10 11 | 11.9
Dodging        | 1 2 3 5 6 8 |  8.7
Axes           | 3 4 5 6 7 9 10 11 12 13 | 13.6
Armour         | 4 5 6 7 8 9 10 | 10.3
Evocations     | 1 4 5 7 8 10 | 10.0
Invocations    | 3 5 7 8 10 | 10.0
Shields        | 4 5 |  5.6

Action                   |  1- 3 |  4- 6 |  7- 9 | 10-12 | 13-15 || total
-------------------------+-------+-------+-------+-------+-------++-------
Melee: War axe           |    97 |    90 |   309 |   995 |   470 ||  1961
       Kick              |       |       |   101 |    84 |       ||   185
Invok: Lesser Servant of |       |       |       |     3 |       ||     3
 Abil: Heal Wounds       |       |     5 |    14 |    41 |     9 ||    69
Evoke: Wand              |       |       |     6 |    13 |       ||    19
  Use: Potion            |       |     1 |     1 |     8 |       ||    10
       Scroll            |       |     9 |       |    14 |       ||    23
 Stab: Paralysed         |       |       |       |    13 |       ||    13
       Invisible         |       |       |       |     1 |       ||     1
Armor: Scale mail        |    50 |    33 |       |       |       ||    83
       Chain mail        |       |     2 |   166 |   362 |       ||   530
       Plate armour      |       |       |       |   248 |   291 ||   539
Dodge: Dodged            |    32 |    22 |   138 |   450 |   143 ||   785
Block: Kite shield       |    64 |    44 |   190 |   616 |   261 ||  1175

Table legend: (Time is in decaauts)
 A = Elapsed time spent in this place.
 B = Non-inter-level travel time spent in this place.
 C = Inter-level travel time spent in this place.
 D = Time resting spent in this place.
 E = Time spent auto-exploring this place.
 F = Levels seen in this place.
 G = Mean time per level.
                   A        B        C        D        E       F      G
               +--------+--------+--------+--------+--------+-----+--------+
         Total |  11280 |  10595 |    685 |    256 |   6864 |  16 |  705.0 |
       Dungeon |  11082 |  10430 |    652 |    256 |   6706 |  15 |  738.8 |
        Temple |    197 |    165 |     32 |      0 |    158 |   1 |  197.0 |
               +--------+--------+--------+--------+--------+-----+--------+

Top non-repeatable levels by time:
    D:14: 1465 daAuts
    D:10: 1386 daAuts
    D:12: 1233 daAuts
    D:13: 1066 daAuts
     D:8: 1057 daAuts
     D:5: 783 daAuts
     D:7: 761 daAuts
     D:9: 746 daAuts
     D:6: 604 daAuts
    D:11: 587 daAuts
     D:4: 577 daAuts
     D:1: 552 daAuts
  Temple: 197 daAuts
     D:2: 93 daAuts
     D:3: 92 daAuts
